 Dungeon Crawl Stone Soup version 0.29.0-5-ge4962eb29e (webtiles) character file.

Game seed: 11603494288391647006

2 tizbic2 the Charlatan (level 1, 0/9 HPs)
             Began as a Vine Stalker Artificer on Aug 29, 2022.
             Succumbed to an adder's poison
             ... on level 2 of the Dungeon.
             The game lasted 00:00:46 (116 turns).

tizbic2 the Charlatan (Vine Stalker Artificer)       Turns: 116, Time: 00:00:47

Health: 0/9        AC:  3    Str: 14    XL:     1   Next: 30%
Magic:  1/2        EV: 11    Int: 11    God:
Gold:   7          SH:  0    Dex: 14    Spells: 0/0 levels left

rFire   . . .      SeeInvis .   a - +0 club
rCold   . . .      Faith    .   (no shield)
rNeg    . . .      Spirit   +   b - +0 leather armour
rPois   .          Reflect  .   (no helmet)
rElec   .          Harm     .   (no cloak)
rCorr   .          Rampage  .   (no gloves)
Will    .....                   (no boots)
Stlth   +.........              (no amulet)
HPRegen 0.03/turn               (no ring)
MPRegen 0.08/turn               (no ring)

@: lethally poisoned (0 -> -1)
A: fangs 2, magic shield, antimagic bite, no potion heal 2
a: no special abilities


You were on level 2 of the Dungeon.
You visited 1 branch of the dungeon, and saw 2 of its levels.

You collected 7 gold pieces.

Inventory:

Hand Weapons
 a - a +0 club (weapon)
Armour
 b - a +0 leather armour (worn)
Wands
 c - a wand of flame (15) (quivered)
 d - a wand of charming (15)
 e - a wand of iceblast (5)
Scrolls
 f - a scroll of silence {unknown}


   Skills:
 + Level 0.9 Fighting
 * Level 0.2 Staves
 - Level 1.5 Armour
 - Level 0.7 Dodging
 - Level 1.2 Stealth
 + Level 0.1 Spellcasting
 + Level 2.7 Evocations


You couldn't memorise any spells.
You didn't know any spells.
Your spell library was empty.

Dungeon Overview and Level Annotations

Branches:
Dungeon (1/15)

Altars:


Innate Abilities, Weirdness & Mutations

You have extremely sharp teeth.
When hurt, damage is shared between your health and your magic reserves.
Your bite disrupts and absorbs the magic of your enemies.
Potions cannot restore your health.


Message History

The spectral goblin barely misses you.
You hit the spectral goblin but do no damage.
You punch the spectral goblin, but do no damage.
The spectral goblin is heavily damaged.
The spectral goblin hits you but does no damage.
You closely miss the spectral goblin.
You punch the spectral goblin, but do no damage.
You bite the spectral goblin, but do no damage.
The spectral goblin is heavily damaged.
The spectral goblin misses you.
The spectral goblin hits you but does no damage.
You barely miss the spectral goblin. Your bite misses the spectral goblin.
The spectral goblin is heavily damaged.
The spectral goblin hits you but does no damage.
You barely miss the spectral goblin. You bite the spectral goblin.
You destroy the spectral goblin!
Found 7 gold pieces.
You now have 7 gold pieces.
Found a fuming yellow potion.
An adder comes into view.
The adder bites you.
You barely miss the adder. You bite the adder, but do no damage.
The adder closely misses you. x2
You hit the adder.
The adder is moderately wounded.
The adder bites you.
You are poisoned.
The adder poisons you!
You hit the adder. Your bite misses the adder.
The adder is severely wounded.
You feel sick. The adder bites you. The adder barely misses you.
You miss the adder. Your bite misses the adder.
The adder is severely wounded.
* * * LOW HITPOINT WARNING * * *
You feel sick. The adder closely misses you. x2
You hit the adder but do no damage. Your bite misses the adder.
The adder is severely wounded.
* * * LOW HITPOINT WARNING * * *
You feel sick. The adder barely misses you.
You die...

.....!......
...
...........
...
..........
....
.........
.....
#......#
.....##S#
#....#
###..####
##.S.@#
#..#....#
##.##....#
#.# #.#....
#.##..# #..
#..#.## .
##.#.# #...#
#..##


You could see an adder.

Vanquished Creatures
  A hobgoblin (D:1)
  A spectral goblin (D:2)
2 creatures vanquished.

Notes
Turn   | Place    | Note
-------+----------+-------------------------------------------
     0 | D:1      | tizbic2 the Vine Stalker Artificer began the quest for the
                  | Orb.
     0 | D:1      | Reached XP level 1. HP: 9/9 MP: 2/2
    57 | D:1      | You fall into a shaft and drop 1 floor!
    63 | D:2      | Found a faded altar of an unknown god.
   116 | D:2      | Succumbed to an adder's poison

Illustrated notes

Levels and vault maps discovered:
D:1:      dpeg_arrival_lava_temple_mockup, layout_loops_ring, serial_rivers,
          chequers_serial_rivers_small_b, chequers_serial_rivers_micro_a,
          chequers_serial_rivers_micro_e, chequers_serial_rivers_micro_c,
          chequers_serial_rivers_large_b, hex_medium
D:2:      minmay_diamond_boxcup, layout_rooms,
          dreamdust_ecumenical_altar_drowned_temple, minmay_hexomino_u4

Action                   || total
-------------------------++-------
Melee: Club              ||    19
       Bite              ||     6
       Punch             ||     2
Armor: Leather armour    ||     6
Dodge: Dodged            ||    17
